 Dungeon Crawl Stone Soup version 0.26-a0-958-gf3041fb45f (webtiles) character file.

Game seed: 5565451726906130796

1178 iamoutofideas the Thaumaturge (level 8, 0/42 HPs)
             Began as a Deep Elf Fire Elementalist on Nov 30, 2020.
             Was a Believer of Vehumet.
             Slain by a bullfrog (7 damage)
             ... on level 6 of the Dungeon.
             The game lasted 00:07:27 (6858 turns).

iamoutofideas the Thaumaturge (DEFE)                Turns: 6858, Time: 00:07:28

Health: 0/42       AC:  3    Str:  5    XL:     8   Next: 18%
Magic:  20/22      EV: 13    Int: 23    God:    Vehumet [**....]
Gold:   263        SH:  0    Dex: 15    Spells: 15/24 levels left

rFire    . . .     SeeInvis .   h - +2 dagger (venom)
rCold    . . .     Faith    +   (no shield)
rNeg     . . .     Spirit   .   a - +0 robe
rPois    .         Reflect  .   w - +0 helmet
rElec    .         Harm     .   (no cloak)
rCorr    .         Rampage  .   (no gloves)
MR       .....                  (no boots)
Stlth    ++........             d - amulet of faith
HPRegen  0.14/turn              (no ring)
MPRegen  0.18/turn              (no ring)

@: lethally poisoned (0 -> -5)
A: no striking features
a: Renounce Religion


You were on level 6 of the Dungeon.
You worshipped Vehumet.
Vehumet was pleased with you.
You visited 1 branch of the dungeon, and saw 6 of its levels.

You collected 263 gold pieces.

Inventory:

Hand Weapons
 h - a +2 dagger of venom (weapon)
 u - the +3 dagger "Jesmour" {drain, +Blink +Rage MR- Int-2}
   (You found it on level 4 of the Dungeon)

   A truly terrible weapon, it drains the life of those it strikes.
   It affects your intelligence (-2).
   It affects your resistance to hostile enchantments.
   It lets you blink.
   It lets you go berserk.
Armour
 a - a +0 robe (worn)
 w - a +0 helmet (worn)
Jewellery
 d - an amulet of faith (around neck)
Wands
 l - a wand of random effects (11)
 t - a wand of disintegration (13)
Scrolls
 b - a scroll of identify
 c - a scroll of blinking {unknown}
 e - 3 scrolls of teleportation
 i - a scroll of fog
 j - 5 scrolls of amnesia {unknown}
 k - 2 scrolls of enchant weapon
 n - a scroll of magic mapping
 p - a scroll of random uselessness
 r - a scroll of remove curse {unknown}
 s - a scroll of fear {unknown}
 y - a scroll of noise {unknown}
Potions
 f - a potion of brilliance
 m - a potion of flight {unknown}
 o - a potion of mutation
 q - 2 potions of lignification
 v - 2 potions of curing
 x - a potion of invisibility


   Skills:
 - Level 0.8 Fighting
 - Level 1.3 Short Blades
 + Level 3.3 Dodging
 - Level 2.4 Stealth
 * Level 8.7 Spellcasting
 + Level 5.4 Conjurations
 + Level 6.1 Fire Magic


You had 15 spell levels left.
You knew the following spells:

 Your Spells              Type           Power        Failure   Level
a - Foxfire               Conj/Fire      ####         1%          1
b - Conjure Flame         Conj/Fire      #####...     1%          3
c - Fireball              Conj/Fire      #####.....   17%         5

Your spell library contained the following spells:

 Spells                   Type           Power        Failure   Level
 Static Discharge         Conj/Air       ###.....     6%          3
 Inner Flame              Hex/Fire       ###.....     5%          3
 Sticky Flame             Conj/Fire      #####...     6%          4


Dungeon Overview and Level Annotations

Branches:
Dungeon (6/15)             Temple (0/1) D:6

Altars:
Hepliaklqana
Makhleb
Okawaru
Uskayaw
Vehumet
Wu Jian


Message History

* * * LOW HITPOINT WARNING * * *
You feel sick.
Found 20 gold pieces.
You feel much better.
You feel sick. The wight completely misses you.
You feel sick.
The wight hits you with a cursed +6 war axe!
You feel sick. The bullfrog hits you.
The wight hits you with a cursed +6 war axe!
* * * LOW HITPOINT WARNING * * *
You feel sick.
You feel sick. The bullfrog barely misses you.
Found an arbalest.
You feel sick. The bullfrog closely misses you.
You feel sick.
You feel sick. The bullfrog barely misses you.
You feel sick.
There is a staircase to the Ecumenical Temple here.
You can't go up here!
The bullfrog closely misses you. The bullfrog hits you!
You die...

....#.... .....#....# .
.>..#........
..........# .#
....#........
.#......## #.# ......
....... #...#..### ...
##...#. .....#
#.#(.....##.# . .#.#
.....###.)..##....#.$..
._.
#...#.z.#............ .
#.....#..?.##.....?$ ..
##.@F#####..##......
#.....# ..## ......
#...#...#.$## .....
....)###....# ..)..
.....# #...# .... ..##.
....# .... . # ##.# .#


You could see a bullfrog and a wight.

Vanquished Creatures
  Sigmund (D:6)
  An ice beast (D:5)
  A sky beast (D:6)
  A centaur (D:5)
  A bullfrog (D:6)
  2 scorpions
  A wight (D:4)
  3 hounds (D:6)
  A jelly (D:6)
  2 orc priests (D:4)
  Natasha (thrice) (D:2)
  An orc wizard (D:4)
  A worker ant (D:5)
  A hound skeleton (D:5)
  Robin (D:4)
  9 adders
  An ooze (D:3)
  An adder skeleton (D:4)
  5 worms
  A dart slug (D:2)
  3 leopard geckos
  10 orcs
  2 ball pythons
  3 giant cockroaches
  23 goblins
  10 hobgoblins
  9 jackals
  7 kobolds
  A quokka (D:4)
  8 bats
  7 frilled lizards
  2 jackal skeletons
  A leopard gecko zombie (D:5)
  A quokka skeleton (D:6)
  A quokka zombie (D:5)
  12 rats
138 creatures vanquished.

Vanquished Creatures (others)
  581 foxfires
581 creatures vanquished.

Grand Total: 719 creatures vanquished

Notes
Turn   | Place    | Note
-------+----------+-------------------------------------------
     0 | D:1      | iamoutofideas the Deep Elf Fire Elementalist began the
                  | quest for the Orb.
     0 | D:1      | Reached XP level 1. HP: 10/10 MP: 6/6
   157 | D:1      | Reached XP level 2. HP: 13/15 MP: 1/8
  1276 | D:2      | Reached XP level 3. HP: 19/19 MP: 6/10
  1545 | D:2      | Reached skill level 4 in Spellcasting
  1853 | D:2      | Noticed Natasha
  1866 | D:2      | Killed Natasha
  1867 | D:2      | Reached XP level 4. HP: 18/24 MP: 7/12
  2038 | D:2      | Found a burning altar of Makhleb.
  2105 | D:2      | Noticed Natasha
  2109 | D:2      | Killed Natasha
  2194 | D:2      | Learned a level 3 spell: Conjure Flame
  2229 | D:2      | Found a faded altar of an unknown god.
  2326 | D:2      | Noticed Natasha
  2330 | D:2      | Killed Natasha
  2331 | D:2      | Reached XP level 5. HP: 28/28 MP: 9/14
  2443 | D:3      | Found an ornate altar of the Wu Jian Council.
  2499 | D:3      | Found a radiant altar of Vehumet.
  2510 | D:3      | Became a worshipper of Vehumet
  2517 | D:3      | Learned a level 5 spell: Fireball
  2988 | D:3      | Reached * piety under Vehumet
  2988 | D:3      | Offered knowledge of Sandblast by Vehumet.
  2989 | D:3      | Reached skill level 5 in Spellcasting
  3321 | D:2      | Found an iron altar of Okawaru.
  3818 | D:4      | Got a masterwork dagger
  3819 | D:4      | Identified the +3 dagger "Jesmour" {drain, +Blink +Rage MR-
                  | Int-2} (You found it on level 4 of the Dungeon)
  3937 | D:4      | Reached XP level 6. HP: 13/32 MP: 9/16
  4210 | D:4      | Reached skill level 6 in Spellcasting
  4210 | D:4      | Reached skill level 5 in Fire Magic
  4524 | D:4      | Noticed Robin
  4530 | D:4      | Reached ** piety under Vehumet
  4530 | D:4      | Offered knowledge of Searing Ray by Vehumet.
  4539 | D:4      | Killed Robin
  5484 | D:5      | Entered Level 5 of the Dungeon
  5638 | D:5      | Noticed a +0 hand axe
  5638 | D:5      | Noticed a +0 dagger
  5832 | D:5      | Found a hide-covered altar of Uskayaw.
  5859 | D:5      | Noticed an ice beast
  5868 | D:5      | Killed an ice beast
  5869 | D:5      | Reached XP level 7. HP: 22/36 MP: 11/19
  6094 | D:5      | Reached skill level 7 in Spellcasting
  6427 | D:6      | Reached skill level 1 in Short Blades
  6519 | D:6      | Found a hazy altar of Hepliaklqana.
  6561 | D:4      | Offered knowledge of Static Discharge by Vehumet.
  6661 | D:6      | Reached skill level 5 in Conjurations
  6761 | D:6      | Reached skill level 8 in Spellcasting
  6761 | D:6      | Reached XP level 8. HP: 32/42 MP: 19/22
  6833 | D:6      | Found a staircase to the Ecumenical Temple.
  6834 | D:6      | Noticed Sigmund
  6844 | D:6      | Killed Sigmund
  6858 | D:6      | Slain by a bullfrog

Illustrated notes

Levels and vault maps discovered:
D:1:      wander_arrival_chamber, layout_loops_ring
D:2:      lemuel_upstairs_altar, layout_rooms, lemuel_coloured_pillars_altar,
          chequers_ecumenical_altar_simple_redux, uniq_natasha
D:3:      layout_basic, general_overflow_altar, old_standard_altar
D:4:      kennysheep_goblin_castle, layout_basic, minivault_19
D:5:      layout_loops_cross, dancing_weapons_uskayaw
D:6:      layout_rooms, lemuel_crystal_altar, kennysheep_mini_moat,
          minmay_temple_entry_arrows, uniq_sigmund

Skill      XL: |  1  2  3  4  5  6  7  8 |
---------------+-------------------------+-----
Spellcasting   | 4 5 6 8 |  8.7
Fire Magic     | 4 5 6 |  6.1
Conjurations   | 2 3 4 5 |  5.4
Dodging        | 3 |  3.3
Short Blades   | 1 |  1.3
Fighting       | |  0.8
Stealth        | |  2.4

Action                   |  1- 3 |  4- 6 |  7- 9 || total
-------------------------+-------+-------+-------++-------
Melee: Unarmed           |     3 |       |       ||     3
       Dagger            |     3 |    55 |     1 ||    59
 Cast: Foxfire           |   109 |   252 |    61 ||   422
  Use: Scroll            |     1 |     8 |       ||     9
       Potion            |       |     3 |     2 ||     5
 Stab: Sleeping          |       |     2 |       ||     2
Armor: Robe              |     2 |    21 |     4 ||    27
Dodge: Dodged            |    25 |    90 |    17 ||   132

Table legend: (Time is in decaauts)
 A = Elapsed time spent in this place.
 B = Non-inter-level travel time spent in this place.
 C = Inter-level travel time spent in this place.
 D = Time resting spent in this place.
 E = Time spent auto-exploring this place.
 F = Levels seen in this place.
 G = Mean time per level.
                   A        B        C        D        E       F      G
               +--------+--------+--------+--------+--------+-----+--------+
         Total |   6866 |   6662 |    204 |    537 |   5157 |   6 | 1144.3 |
       Dungeon |   6866 |   6662 |    204 |    537 |   5157 |   6 | 1144.3 |
               +--------+--------+--------+--------+--------+-----+--------+

Top non-repeatable levels by time:
     D:4: 2150 daAuts
     D:1: 1233 daAuts
     D:2: 1200 daAuts
     D:5: 980 daAuts
     D:3: 959 daAuts
     D:6: 341 daAuts
